 Dungeon Crawl Stone Soup version 0.31-a0-1074-g0b22e4e0f1 (webtiles) character file.

Game seed: 9056366255800943027

12501 Smoke131 the Fighter (level 11, -5/119 HPs)
             Began as an Ogre Gladiator on Dec 6, 2023.
             Was a High Priest of Okawaru.
             Succumbed to an orange demon's poison
             ... on level 12 of the Dungeon.
             The game lasted 00:44:02 (17683 turns).

Smoke131 the Fighter (Ogre Gladiator)              Turns: 17683, Time: 00:44:03

Health: -5/119     AC:  6    Str: 24    XL:     11   Next: 94%
Magic:  18/18      EV: 10    Int:  9    God:    Okawaru [*****.]
Gold:   1631       SH:  5    Dex: 10    Spells: 10/10 levels left

rFire   . . .        F - +0 giant spiked club
rCold   . . .        (shield currently unavailable)
rNeg    . . .        G - +0 troll leather armour
rPois   .            c - +1 hat
rElec   .            o - +0 cloak
rCorr   .            (gloves unavailable)
SInv    .            (boots unavailable)
Will    +....        w - amulet of reflection
Stlth   +            (no ring)
HPRegen 1.19/turn    (no ring)
MPRegen 0.16/turn

%: reflection
@: lethally poisoned (-5 -> -45), marked, weakened
A: large, unfitting armour, tough skin 1
a: Renounce Religion, Heroism, Finesse, Duel


You were on level 12 of the Dungeon.
You worshipped Okawaru.
Okawaru was extremely pleased with you.
You visited 2 branches of the dungeon, and saw 14 of its levels.
You also visited: Ossuary.

You collected 1631 gold pieces.

Inventory:

Hand Weapons
 A - a +3 morningstar
 F - a +0 giant spiked club (weapon)
Missiles
 d - 3 throwing nets
 e - 2 large rocks
 h - 2 darts of dispersal
 y - 14 poisoned darts
 z - 11 boomerangs (quivered)
 I - 3 datura-tipped darts
Armour
 c - a +1 hat (worn)
 o - a +0 cloak (worn)
 G - a +0 troll leather armour (worn)
Jewellery
 v - a ring of see invisible
 w - an amulet of reflection (around neck)
Wands
 b - a wand of iceblast (12)
 k - a wand of polymorph (23)
 m - a wand of paralysis (16)
 C - a wand of flame (8)
Scrolls
 a - a scroll of fog
 f - 5 scrolls of enchant armour
 g - a scroll of enchant weapon
 i - 5 scrolls of teleportation
 j - a scroll of vulnerability
 s - a scroll of torment
 x - a scroll of blinking
 D - 3 scrolls of poison
 E - 2 scrolls of identify
Potions
 l - 2 potions of enlightenment
 n - a potion of invisibility
 p - 5 potions of cancellation
 q - 2 potions of brilliance
 r - 4 potions of haste
 t - 8 potions of curing
 u - 3 potions of mutation
 B - 2 potions of lignification
 H - a potion of might


   Skills:
 + Level 10.4 Fighting
 + Level 10.2 Maces & Flails
 + Level 10.2 Throwing
 - Level 3.0 Dodging
 - Level 10.0 Invocations


You had 10 spell levels left.
You didn't know any spells.
Your spell library contained the following spells:

 Spells                   Type           Power      Damage    Failure   Level
 Foxfire                  Conj/Fire      0%         2x1d4     43%         1
 Magic Dart               Conj           0%         1d3       43%         1
 Sting                    Tmut/Pois      0%         1d3       43%         1
 Cigotuvi's Dreadful Rot  Necr/Pois/Air  0%         N/A       56%         2
 Poisonous Vapours        Pois/Air       0%         N/A       56%         2
 Searing Ray              Conj           0%         2d4       56%         2
 Ignite Poison            Fire/Tmut/Pois 0%         N/A       80%         3
 Stone Arrow              Conj/Erth      0%         3d7       80%         3
 Flame Wave               Conj/Fire      0%         2d4       99%         4
 Fulminant Prism          Conj/Hex       0%         3d5       99%         4
 Olgreb's Toxic Radiance  Pois           0%         N/A       99%         4
 Passage of Golubria      Tloc           0%         N/A       99%         4
 Freezing Cloud           Conj/Ice/Air   0%         6-21      100%        5
 Yara's Violent Unravell  Hex/Tmut       0%         3d3       100%        5
 Starburst                Conj/Fire      0%         6d3       100%        6
 Lehudib's Crystal Spear  Conj/Erth      0%         10d2      100%        8
 Tukima's Dance           Hex            Unusable   N/A       N/A         3
 Animate Armour           Summ/Erth      Unusable   N/A       N/A         4

Dungeon Overview and Level Annotations

Branches:
Dungeon (13/15)            Temple (1/1) D:4            Lair (0/5) D:10
    Orc (0/2) D:9         Ossuary (visited)
 Vaults: D:13-14

Altars:
Ashenzari
Cheibriados
Dithmenos
Elyvilon
Fedhas
Gozag
Hepliaklqana
Kikubaaqudgha
Makhleb
Nemelex Xobeh
Okawaru
Qazlal
Ru
Sif Muna
Trog
Uskayaw
Vehumet
Wu Jian
Xom
Yredelemnul
Zin
The Shining One

Portals:
Trove: D:11 (give 6 potions of haste)

Annotations:
D:9 3 runed translucent doors, ytrimaz's ghost, novice SpSh


Innate Abilities, Weirdness & Mutations

You are too large for most types of armour.
You have tough skin. (AC +1)


Message History

The orange demon screeches!
The orange demon pulls the alarm!
The alarm trap emits a blaring wail!
A sentinel's mark forms upon you. The orange demon stings you!
The orange demon hits you. The orange demon stings you!
The orange demon hits you.
You feel your attacks grow feeble. The orange demon stings you.
The orange demon hits you.
You feel as though you will be weak longer.
You block the orange demon's attack.
The orange demon attacks as it pursues you!
The orange demon stings you from afar!
You are poisoned.
The orange demon poisons you!
You feel very sick.
The orange demon attacks as it pursues you!
The orange demon stings you from afar.
You are more poisoned.
The orange demon poisons you!
You feel extremely sick.
You feel extremely sick.
You feel very sick.
You feel very sick. The orange demon stings you!
* * * LOW HITPOINT WARNING * * *
You are more poisoned.
The orange demon poisons you! The orange demon barely misses you.
* * * LOW HITPOINT WARNING * * *
You feel extremely sick. The orange demon barely misses you.
* * * LOW HITPOINT WARNING * * *
You feel extremely sick.
The orange demon attacks as it pursues you!
The orange demon stings you from afar!
* * * LOW HITPOINT WARNING * * *
You are more poisoned.
The orange demon poisons you! The orange demon stings you from afar.
* * * LOW HITPOINT WARNING * * *
There is a stone staircase leading up, spattered with blood here.
You die...

#.....#
#######.....######
......4.....+...>#
#######.4..4##.#.#
#.....#.....#
#.#####.#...#
#.#...#.##4.#
#.#.#.#..4..#######
######.#.#.#....@#.....#
.........#.#.###.#.#.###
#.####.###.#.# #...#.#
#.# #.....#.###.###.#
#.##########.......#.#
#.##...........#[..#.#
#.##.#########.#...#.#
<.##.....# #.#.###.#
...#####.# #.......#


You could see 2 orange demons.

Vanquished Creatures
  2 two-headed ogres
  Nergalle (D:11)
  Pikel (D:9)
  A komodo dragon (D:10)
  2 unseen horrors
  3 trolls
  A polar bear (D:10)
  Prince Ribbit (D:9)
  A red devil (D:12)
  A centaur simulacrum (D:10)
  A shadow (D:10)
  A wraith (D:11)
  Sigmund (D:5)
  8 yaks
  An unseen horror simulacrum (D:10)
  3 vampire mosquitoes
  Duvessa (D:4)
  An acid dragon (D:11)
  3 water moccasins
  5 orc warriors
  2 black bears
  2 ice beasts
  An ogre (D:4)
  6 centaurs
  A wolf (D:11)
  2 phantoms
  3 kobold brigands
  4 lemures
  8 bullfrogs
  5 scorpions
  17 wights
  7 water moccasin zombies (Ossuary)
  Dowan (D:4)
  3 killer bees (D:5)
  3 electric eels
  4 hounds (D:5)
  9 orc priests
  4 gnoll boudas
  A sleepcap (D:8)
  2 iguanas
  7 orc wizards
  3 mummies
  9 adders
  19 gnolls
  6 white imps
  An ufetubus (D:11)
  9 adder zombies (Ossuary)
  2 worms (D:2)
  3 dart slugs
  26 orcs
  6 ball pythons
  5 endoplasms
  2 giant cockroaches
  9 goblins
  8 hobgoblins
  3 jackals (D:4)
  25 kobolds
  4 quokkas
  5 bats
  7 frilled lizards
  3 gnoll zombies (Ossuary)
  A goblin zombie (D:4)
  3 hobgoblin zombies (Ossuary)
  6 kobold zombies
  2 orc zombies (Ossuary)
298 creatures vanquished.

Vanquished Creatures (others)
  An orc (D:8)
1 creature vanquished.

Grand Total: 299 creatures vanquished

Notes
Turn   | Place    | Note
-------+----------+-------------------------------------------
     0 | D:1      | Smoke131 the Ogre Gladiator began the quest for the Orb.
     0 | D:1      | Reached XP level 1. HP: 22/22 MP: 1/1
   100 | D:1      | HP: 1/22 [frilled lizard (2)]
   104 | D:1      | Reached XP level 2. HP: 2/29 MP: 2/2
   105 | D:1      | HP: 1/29 [frilled lizard (2)]
   708 | D:1      | Reached XP level 3. HP: 20/37 MP: 3/3
  1073 | D:2      | Reached XP level 4. HP: 48/48 MP: 4/4
  2145 | D:3      | Found a broken altar of Ashenzari.
  2760 | D:3      | Reached XP level 5. HP: 54/55 MP: 5/5
  2972 | D:4      | Found a staircase to the Ecumenical Temple.
  2980 | D:4      | Noticed an ogre
  3000 | D:4      | Killed an ogre
  3001 | D:4      | Reached skill level 5 in Fighting
  3001 | D:4      | Reached XP level 6. HP: 52/66 MP: 6/6
  3051 | D:4      | Found a sand-covered staircase.
  3056 | Ossuary  | Entered an ossuary
  3258 | Ossuary  | Reached XP level 7. HP: 48/72 MP: 7/7
  3421 | Ossuary  | Reached skill level 5 in Maces & Flails
  3421 | Ossuary  | Reached skill level 5 in Throwing
  3692 | D:4      | Found a stormy altar of Qazlal.
  3718 | D:4      | Noticed Duvessa
  3718 | D:4      | Noticed Dowan
  3864 | Temple   | Entered the Ecumenical Temple
  3891 | Temple   | Became a worshipper of Warmaster Okawaru
  4183 | D:4      | Found a hide-covered altar of Uskayaw.
  4233 | D:4      | Killed Duvessa
  4234 | D:4      | Reached skill level 1 in Invocations
  4361 | D:4      | Killed Dowan
  4362 | D:4      | Reached XP level 8. HP: 78/83 MP: 7/9
  4526 | D:5      | Entered Level 5 of the Dungeon
  4820 | D:5      | Noticed Sigmund
  4829 | D:5      | Killed Sigmund
  4829 | D:5      | Reached * piety under Okawaru
  4959 | D:5      | HP: 3/84 [poisoned by a killer bee]
  5567 | D:5      | Reached XP level 9. HP: 86/93 MP: 11/11
  6109 | D:6      | Identified a scroll of acquirement
  6109 | D:6      | Acquired 854 gold pieces
  6171 | D:6      | Found a white marble altar of Elyvilon.
  6313 | D:5      | Reached ** piety under Okawaru
  7263 | D:6      | Found a glowing silver altar of Zin.
  7506 | D:6      | Reached skill level 5 in Invocations
  7518 | D:6      | Found a glowing golden altar of the Shining One.
  7923 | D:7      | Reached *** piety under Okawaru
  9468 | D:7      | Reached XP level 10. HP: 70/107 MP: 14/14
 10302 | D:8      | Found a snail-covered altar of Cheibriados.
 11035 | D:9      | Noticed Pikel
 11035 | D:9      | Found a runed translucent gate.
 11035 | D:9      | Found a runed translucent gate.
 11104 | D:9      | Found a staircase to the Orcish Mines.
 11130 | D:9      | Noticed Prince Ribbit
 11146 | D:9      | Killed Prince Ribbit
 11146 | D:9      | Reached **** piety under Okawaru
 11247 | D:9      | Got the Compilation of Burning
 11276 | D:9      | Found a sparkling altar of Nemelex Xobeh.
 11293 | D:9      | Reached skill level 10 in Fighting
 11666 | D:9      | Found a blossoming altar of Fedhas.
 12059 | D:9      | Killed Pikel
 12082 | D:9      | Identified the +0 robe of Baldness {Int+6 Dex+4}
 12210 | D:9      | Found a runed translucent gate.
 12216 | D:9      | Noticed ytrimaz's ghost (novice SpSh)
 12973 | D:10     | Entered Level 10 of the Dungeon
 13001 | D:9      | Reached ***** piety under Okawaru
 13334 | D:10     | Noticed a two-headed ogre
 13669 | D:9      | Reached XP level 11. HP: 82/116 MP: 15/17
 13828 | D:10     | Found a staircase to the Lair.
 14032 | D:10     | You fall into a shaft and drop 3 floors!
 14596 | D:10     | Killed a two-headed ogre
 14840 | D:10     | Found a bloodstained altar of Trog.
 14916 | D:10     | Found a hazy altar of Hepliaklqana.
 15540 | D:10     | Received a gift from Okawaru
 16191 | D:11     | Noticed a two-headed ogre
 16224 | D:11     | Killed a two-headed ogre
 16225 | D:11     | Reached skill level 10 in Throwing
 16458 | D:11     | Noticed Nergalle
 16466 | D:11     | Killed Nergalle
 16467 | D:11     | Reached skill level 10 in Maces & Flails
 16556 | D:11     | Received a gift from Okawaru
 16641 | D:11     | Reached skill level 10 in Invocations
 16887 | D:11     | Found a portal to a secret trove of treasure.
 17561 | D:12     | Identified the +6 quarterstaff "Fonluos" {spect, Dex+3}
 17683 | D:12     | Succumbed to an orange demon's poison

Illustrated notes

Levels and vault maps discovered:
D:1:      minmay_arrival_wavy_path, layout_rooms, st_stairs_12
D:2:      kennysheep_big_flooded_room, layout_loops_ring, corner_web_ring,
          grunt_ministairs_4
D:3:      layout_loops_cross, ashenzari_altar_1, chequers_big_river
D:4:      layout_loops_cross, nicolae_qazlal_scattered_showers,
          marbit_many_paths, minmay_temple_entry_ruins,
          nicolae_ossuary_entry_giza, minmay_goblin_outpost, uniq_duvessa
D:5:      layout_gridville, serial_glass, glass_columns_c, glass_columns_c,
          glass_columns_b, glass_columns_a, glass_columns_c, glass_columns_a,
          glass_columns_a, glass_columns_a, uniq_sigmund
D:6:      layout_loops_ring, amcnicky_altar_gilded, elyvilon_altar_4,
          lemuel_doored_altar
D:7:      layout_layer_cave
D:8:      layout_basic, mainiacjoe_overflow_tiny_flanked
D:9:      layout_cave_pods, nemelex_xobeh_ov_fountains_minmay,
          lemuel_coloured_pillars_altar, orc_0_dummy, gammafunk_ghost_spectres,
          uniq_pikel, uniq_prince_ribbit1
D:10:     layout_cave_pods, mainiacjoe_overflow_catch_the_wave,
          due_lair_maze_entry_diamond, serial_ice, serial_ice_k, serial_ice_e,
          serial_ice_b, serial_ice_h, kennysheep_donut
D:11:     layout_stronghold, serial_ice, serial_ice_b, serial_ice_l,
          serial_ice_h, serial_ice_m, enter_trove_6,
          hangedman_abyss_or_decor_stagger, uniq_nergalle
D:12:     layout_basic, minmay_beelzebubs_servants
D:13:     layout_cave_pools, lightli_vaults_fourway_checkpoint, uniq_urug
Temple:   grunt_temple_mini_profane

Skill      XL: |  1  2  3  4  5  6  7  8  9 10 11 |
---------------+----------------------------------+-----
Fighting       | 3 4 5 6 7 9 10 | 10.4
Maces & Flails | 3 4 5 6 7 8 10 | 10.2
Dodging        | 3 |  3.0
Throwing       | 3 4 5 6 7 9 10 | 10.2
Invocations    | 1 3 5 8 10 | 10.0

Action                     |  1- 3 |  4- 6 |  7- 9 | 10-12 || total
---------------------------+-------+-------+-------+-------++-------
  Melee: Flail             |    76 |   174 |   166 |       ||   416
         Punch             |       |     1 |       |     7 ||     8
         Morningstar       |       |       |   169 |   272 ||   441
         Giant spiked club |       |       |       |   165 ||   165
  Throw: Large rock        |     1 |       |     1 |     2 ||     4
         Dart              |       |     4 |    30 |    92 ||   126
         Throwing net      |       |     3 |       |       ||     3
         Boomerang         |       |       |       |    18 ||    18
 Invoke: Heroism           |       |       |       |     1 ||     1
  Evoke: Wand              |       |       |     4 |       ||     4
    Use: Scroll            |       |     4 |    12 |     4 ||    20
         Potion            |       |       |     7 |     5 ||    12
   Stab: Sleeping          |     1 |       |     1 |       ||     2
 Armour: Robe              |    63 |   170 |   359 |   241 ||   833
         Skin              |       |       |     6 |       ||     6
         Troll leather arm |       |       |       |   305 ||   305
  Dodge: Dodged            |    45 |   139 |   219 |   319 ||   722
  Block: Other             |       |       |       |    53 ||    53
         Reflection        |       |       |       |     4 ||     4

Table legend: (Time is in decaauts)
 A = Elapsed time spent in this place.
 B = Non-inter-level travel time spent in this place.
 C = Inter-level travel time spent in this place.
 D = Time resting spent in this place.
 E = Time spent auto-exploring this place.
 F = Levels seen in this place.
 G = Mean time per level.
                   A        B        C        D        E       F      G
               +--------+--------+--------+--------+--------+-----+--------+
         Total |  17996 |  17172 |    824 |   3915 |   9258 |  15 | 1199.7 |
       Dungeon |  17305 |  16527 |    778 |   3582 |   9224 |  13 | 1331.2 |
        Temple |     49 |      3 |     46 |      0 |      0 |   1 |   49.0 |
       Ossuary |    641 |    641 |      0 |    333 |     34 |   1 |  641.0 |
               +--------+--------+--------+--------+--------+-----+--------+

Top non-repeatable levels by time:
     D:9: 2674 daAuts
     D:7: 2306 daAuts
     D:5: 2002 daAuts
    D:10: 1814 daAuts
    D:11: 1644 daAuts
     D:8: 1208 daAuts
     D:4: 1153 daAuts
     D:6: 1122 daAuts
     D:3: 1039 daAuts
     D:2: 1026 daAuts
     D:1: 801 daAuts
 Ossuary: 641 daAuts
    D:12: 503 daAuts
  Temple: 49 daAuts
    D:13: 6 daAuts
